 Dungeon Crawl Stone Soup version 0.29-a0-557-g43b9904bd1 (webtiles) character file.

Game seed: 15300891217755855720

109 jimonade the Magician (level 5, -5/38 HPs)
             Began as a Djinni Ice Elementalist on June 9, 2022.
             Slain by Sigmund
             ... wielding a +0 scythe
              (9 damage)
             ... on level 2 of the Dungeon.
             The game lasted 00:04:34 (2078 turns).

jimonade the Magician (Djinni Ice Elementalist)     Turns: 2078, Time: 00:04:35

Health: -5/38      AC:  9    Str:  9    XL:     5   Next: 13%
Gold:   75         EV: 12    Int: 16    God:
                   SH:  0    Dex: 14

rFire   + + .      SeeInvis .   l - +1 falchion (protect)
rCold   x . .      Faith    .   (no shield)
rNeg    . . .      Spirit   .   a - +0 robe
rPois   ∞          Reflect  .   m - +0 helmet
rElec   .          Harm     .   (no cloak)
rCorr   .          Rampage  .   (no gloves)
Will    .....                   (boots unavailable)
Stlth   ++........              (no amulet)
HPRegen 0.12/turn               (no ring)
MPRegen 0.00/turn               (no ring)

@: ice-armoured, freezing walls, flying
A: sickness immunity, fire resistance 2, cold vulnerability 1, float, innate
caster, HP casting, extra vitality 1
a: no special abilities


You were on level 2 of the Dungeon.
You visited 1 branch of the dungeon, and saw 2 of its levels.

You collected 75 gold pieces.

Inventory:

Hand Weapons
 h - a +0 short sword
 l - a +1 falchion of protection (weapon)
Missiles
 k - 32 stones
Armour
 a - a +0 robe (worn)
 m - a +0 helmet (worn)
Scrolls
 b - a scroll of magic mapping {unknown}
 c - a scroll of amnesia {unknown}
 e - a scroll of enchant armour {unknown}
 f - 2 scrolls of enchant weapon {unknown}
 g - 2 scrolls of identify {unknown}
 i - a scroll of noise {unknown}
Potions
 d - a potion of mutation {unknown}
 j - a potion of lignification {unknown}
 n - 2 potions of attraction {unknown}


   Skills:
 * Level 1.6 Fighting
 - Level 2.1 Dodging
 - Level 1.5 Stealth
 + Level 4.5 Spellcasting


You couldn't memorise any spells.
You knew the following spells:

 Your Spells              Type           Power      Damage    Failure   Level
a - Freeze                Ice            72%        1d9       2%          1
b - Frozen Ramparts       Ice            36%        1d5       8%          3
c - Ozocubu's Armour      Ice            18%        N/A       8%          3
d - Hailstorm             Conj/Ice       18%        3d6       24%         4
e - Shock                 Conj/Air       72%        1d7       2%          1
f - Searing Ray           Conj           36%        2d5       3%          2
Your spell library was empty.

Dungeon Overview and Level Annotations

Branches:
Dungeon (2/15)

Altars:
Ru
Beogh

Annotations:
D:2 Sigmund


Innate Abilities, Weirdness & Mutations

You are immune to sickness and miasma.
You are immune to poison.
Your flesh is very heat resistant. (rF++)
You are vulnerable to cold. (rC-)
You float through the air rather than walking.
You learn spells naturally, not from books.
Your magical power is your life essence.
You have superior vitality. (+4 MHP)


Message History

Something tries to affect you, but you resist.
A magic dart appears from out of thin air!
The magic dart hits you.
Casting: Shock (safe; 2% risk of failure)
Confirm with . or Enter, or press ? or * to list all spells.
Okay, then.
A hobgoblin comes into view.
The hobgoblin shouts!
The zap hits the hobgoblin.
The hobgoblin is almost dead.
You are confused.
You bump into the rock wall.
You're too confused to move!
The hobgoblin closely misses you.
You feel less confused. Something hits you! The hobgoblin hits you.
The hobgoblin closely misses you. The hobgoblin attacks as you move away!
The hobgoblin closely misses you.
Sigmund appears from thin air!
Reactivating autopickup.
The hobgoblin attacks as you move away! The hobgoblin hits you.
The hobgoblin attacks as you move away!
The hobgoblin hits you but does no damage.
The hobgoblin attacks as you move away! The hobgoblin hits you.
Sigmund casts a spell at you. The magic dart hits you.
Casting: Shock (safe; 2% risk of failure)
Confirm with . or Enter, or press ? or * to list all spells.
A film of ice covers your body!
* * * LOW HITPOINT WARNING * * *
The hobgoblin hits you.
* * * LOW HITPOINT WARNING * * *
Casting: Ozocubu's Armour (dangerous; 8% risk of failure)
Confirm with . or Enter, or press ? or * to list all spells.
Casting: Frozen Ramparts (dangerous; 8% risk of failure)
Press: ? - help, Dir - look around, f - activate The walls around you are covered in ice.
* * * LOW HITPOINT WARNING * * *
The wall freezes Sigmund.
Sigmund hits you from afar with a +0 scythe!
You die...

.......##.# #....###.#######
....##.##.## ##...........##
....##.....#### ##..............
.....###[#....# #...............
..##.# #.####.# #...............
####.###...##.# #...............
#...........#.# #...............
#.........#...####...............
#.........##....@g@..............
#.........###..###..............#
#.........# #......#.....#.....##
#.........###.#.#####.#######.###
#.........#...#...>##.....###.# #
#######.##..######.######..##.###
# #.........##.......#....... #
##...####.....####....#.... #
##.########.....####.......


You could see Sigmund and a hobgoblin.

Vanquished Creatures
  Terence (D:2)
  5 adders (D:2)
  A dart slug (D:1)
  4 ball pythons
  2 bats (D:1)
  An endoplasm (D:2)
  4 giant cockroaches
  3 hobgoblins
  4 jackals (D:1)
  A quokka (D:2)
  3 frilled lizards (D:1)
  3 goblins (D:1)
  3 kobolds
  3 rats
38 creatures vanquished.

Notes
Turn   | Place    | Note
-------+----------+-------------------------------------------
     0 | D:1      | jimonade the Djinni Ice Elementalist began the quest for
                  | the Orb.
     0 | D:1      | Reached XP level 1. HP: 15/15 MP: 0/0
   282 | D:1      | Reached XP level 2. HP: 20/22 MP: 0/0
   478 | D:1      | Reached XP level 3. HP: 13/26 MP: 0/0
   478 | D:1      | Learned a level 1 spell: Shock
   801 | D:1      | Reached skill level 1 in Fighting
   836 | D:1      | Found a faded altar of an unknown god.
  1268 | D:2      | Noticed Terence
  1280 | D:2      | Killed Terence
  1281 | D:2      | Reached skill level 4 in Spellcasting
  1281 | D:2      | Reached XP level 4. HP: 11/32 MP: 0/0
  1777 | D:2      | Reached XP level 5. HP: 20/37 MP: 0/0
  1777 | D:2      | Learned a level 2 spell: Searing Ray
  1975 | D:2      | Found a sacrificial altar of Ru.
  2041 | D:2      | Noticed Sigmund
  2078 | D:2      | Slain by Sigmund

Illustrated notes

Levels and vault maps discovered:
D:1:      dpeg_arrival_pits, layout_basic,
          hellmonk_ecumenical_altar_defaced_shrine, minmay_liquid_box
D:2:      layout_rooms, basic_altar, uniq_terence, uniq_sigmund

Skill      XL: |  1  2  3 |
---------------+----------+-----
Fighting       | 1 |  1.6
Spellcasting   | 4 |  4.5
Dodging        | |  2.1
Stealth        | |  1.5

Action                   |  1- 3 |  4- 6 || total
-------------------------+-------+-------++-------
 Cast: Freeze            |    49 |    12 ||    61
       Shock             |       |    21 ||    21
       Ozocubu's Armour  |       |     1 ||     1
       Frozen Ramparts   |       |     1 ||     1
Armor: Robe              |     6 |     2 ||     8
Dodge: Dodged            |    26 |     7 ||    33

Table legend: (Time is in decaauts)
 A = Elapsed time spent in this place.
 B = Non-inter-level travel time spent in this place.
 C = Inter-level travel time spent in this place.
 D = Time resting spent in this place.
 E = Time spent auto-exploring this place.
 F = Levels seen in this place.
 G = Mean time per level.
                   A        B        C        D        E       F      G
               +--------+--------+--------+--------+--------+-----+--------+
         Total |   2078 |   2009 |     69 |    409 |   1247 |   2 | 1039.0 |
       Dungeon |   2078 |   2009 |     69 |    409 |   1247 |   2 | 1039.0 |
               +--------+--------+--------+--------+--------+-----+--------+

Top non-repeatable levels by time:
     D:1: 1411 daAuts
     D:2: 666 daAuts
